 Dungeon Crawl Stone Soup version 0.27-a0-797-g27d10ad80f (webtiles) character file.

Game seed: 833317390209835799

91 dickylongcocking the Skirmisher (level 4, -2/37 HPs)
             Began as a Djinni Chaos Knight on Mar 27, 2021.
             Was a Plaything of Xom.
             Killed by nerve-wracking pain
             ... invoked by Grinder
              (11 damage)
             ... on level 3 of the Dungeon.
             The game lasted 00:02:02 (2189 turns).

dickylongcocking the Skirmisher (DjCK)              Turns: 2189, Time: 00:02:03

Health: -2/37      AC:  3    Str: 12    XL:     4   Next: 59%
Gold:   5          EV: 12    Int: 13    God:    Xom [...*..] SH:  0 Dex: 13

rFire    + + .     SeeInvis .   a - +0 falchion (chaos)
rCold    x . .     Faith    .   (no shield)
rNeg     . . .     Spirit   .   l - +0 leather armour of Locyul {Regen+} rPois โˆž Reflect .
                                (no helmet)
rElec    .         Harm     .   (no cloak)
rCorr    .         Rampage  .   (no gloves)
Will     .....                  (boots unavailable)
Stlth    +.........             (no amulet)
HPRegen  1.12/turn              (no ring)
MPRegen  0.00/turn              (no ring)

@: flying, very slightly contaminated
A: fire resistance 2, cold vulnerability 1, float, innate caster, hp casting,
extra vitality 1
a: Renounce Religion


You were on level 3 of the Dungeon.
You worshipped Xom.
You were a favourite toy of Xom.
You visited 1 branch of the dungeon, and saw 3 of its levels.

You collected 131 gold pieces.
You spent 126 gold pieces at shops.

Inventory:

Hand Weapons
 a - a +0 falchion of chaos (weapon)
Armour
 b - a +2 leather armour
 c - a +0 helmet
 j - a +0 ring mail
 l - the +0 leather armour of Locyul (worn) {Regen+}
   (You bought it in a shop on level 3 of the Dungeon)

   It increases your rate of regeneration.
Jewellery
 k - a ring of protection from cold
Scrolls
 d - 2 scrolls of brand weapon {unknown}
 e - a scroll of noise {unknown}
 g - a scroll of torment {unknown}
 h - a scroll of enchant armour {unknown}
 i - a scroll of vulnerability {unknown}


   Skills:
 + Level 3.8 Fighting
 + Level 3.5 Long Blades
 + Level 1.6 Armour
 + Level 2.7 Dodging
 + Level 0.5 Stealth


You had 2 spell levels left.
You knew the following spells:

 Your Spells              Type           Power      Damage    Failure   Level
a - Shock                 Conj/Air       0%         1d3       36%         1
Your spell library was empty.

Dungeon Overview and Level Annotations

Branches:
Dungeon (3/15)

Altars:
Zin

Shops:
D:1 (   D:3 *

Annotations:
D:3 Grinder


Innate Abilities, Weirdness & Mutations

You are immune to poison.
Your flesh is very heat resistant. (rF++)
You are vulnerable to cold. (rC-)
You float through the air rather than walking.
You learn spells naturally, not from books.
Your magical power is your life essence.
You have superior vitality. (+4 HP)


Message History

Grinder gestures at you. You resist with significant effort.
Unknown command.
Unknown command.
Casting: Shock (safe; 36% risk of failure)
Confirm with . or Enter, or press ? or * to list all spells.
Aiming: Shock (safe; 36% risk of failure)
Press: ? - help, Shift-Dir - straight line The zap hits Grinder.
Grinder is severely wounded.
The zap hits Grinder.
Grinder is almost dead.
* * * LOW HITPOINT WARNING * * *
Grinder blinks!
Unknown command.
Unknown command.
Casting: Shock (safe; 36% risk of failure)
Confirm with . or Enter, or press ? or * to list all spells.
Aiming: Shock (safe; 36% risk of failure)
Press: ? - help, Shift-Dir - straight line, f - Grinder
Aim: Grinder, carrying a wand of flame (7) (almost dead, 40% to evade)
You miscast Shock.
You are very lightly contaminated with residual magic.
Nothing appears to happen.
* * * LOW HITPOINT WARNING * * *
Grinder says, "Just stop there for a second..."
Grinder blinks!
Unknown command.
Unknown command.
Casting: Shock (safe; 36% risk of failure)
Confirm with . or Enter, or press ? or * to list all spells.
Aiming: Shock (safe; 36% risk of failure)
Press: ? - help, Shift-Dir - straight line, f/p - Grinder
Aim: Grinder, carrying a wand of flame (7) (almost dead, 40% to evade)
You miscast Shock.
Nothing appears to happen.
* * * LOW HITPOINT WARNING * * *
Grinder gestures at you. Pain shoots through your body!
You die...
Xom howls with laughter!

..#.#.# #.# #....# #.#
...#...# #.# #....# #.#
... #..# #.# #....# #.#
...##..###.# #....# #.#
.........<.# #....# #.#
...##..##### #..(.# #.#
#..# #..<.# ######.#
#.######## .......#
#.5.ยง@...#
.......############.#
....................#
โ‰ˆ............{####..#
โ‰ˆ.....>........# #..#
...)...........# #..#
.......#............#
.......#.#####.####..
.......#.. ... ....


You could see Grinder.

Vanquished Creatures
  5 adders
  2 dart slugs
  5 ball pythons (D:2)
  3 endoplasms
  A giant cockroach (D:1)
  3 goblins (D:2)
  2 hobgoblins
  A jackal (D:2)
  7 kobolds
  2 quokkas
  5 bats
  2 frilled lizards
  3 rats (D:1)
41 creatures vanquished.

Notes
Turn   | Place    | Note
-------+----------+-------------------------------------------
     0 | D:1      | dickylongcocking the Djinni Chaos Knight began the quest
                  | for the Orb.
     0 | D:1      | Reached XP level 1. HP: 20/20 MP: 0/0
   168 | D:1      | Reached XP level 2. HP: 20/25 MP: 0/0
   571 | D:1      | XOM: silly message
   843 | D:1      | Found Mearewy's Antique Weapon Shop.
   991 | D:2      | Reached XP level 3. HP: 28/30 MP: 0/0
   991 | D:2      | Learned a level 1 spell: Shock
  1119 | D:2      | Found a faded altar of an unknown god.
  1345 | D:2      | XOM: silly message
  1347 | D:2      | XOM: divination: detect items
  1555 | D:2      | Reached XP level 4. HP: 33/37 MP: 0/0
  1658 | D:2      | XOM: silly message
  1675 | D:2      | Found a glowing silver altar of Zin.
  1901 | D:3      | XOM: silly message
  2044 | D:3      | Found Eclud's Assorted Antiques.
  2082 | D:3      | Bought a polished leather armour for 126 gold pieces
  2082 | D:3      | Identified the +0 leather armour of Locyul {Regen+} (You
                  | bought it in a shop on level 3 of the Dungeon)
  2136 | D:3      | Noticed Grinder
  2137 | D:3      | XOM: confuse monster(s)
  2152 | D:3      | Paralysed by something for 4 turns
  2189 | D:3      | Killed from afar by Grinder

Illustrated notes

Levels and vault maps discovered:
D:1:      psy_arrival_whirlpool, layout_loops_cross, serial_shops,
          nicolae_shop_behind_doors, minmay_domino_4
D:2:      layout_rooms, lemuel_coloured_pillars_altar,
          chequers_ecumenical_altar_twisty, minmay_unequal
D:3:      layout_basic, nicolae_uskayaw_suspiria, serial_shops, shop,
          nicolae_shop_crystal, kennysheep_flooded_box, serial_park_tiny_pond,
          uniq_grinder

Skill      XL: |  1  2 |
---------------+-------+-----
Long Blades    | 3 |  3.5
Fighting       | |  3.8
Armour         | |  1.6
Dodging        | |  2.7
Stealth        | |  0.5

Action                   |  1- 3 |  4- 6 || total
-------------------------+-------+-------++-------
Melee: Falchion          |    94 |    30 ||   124
 Cast: Shock             |       |     4 ||     4
  Use: Potion            |       |     3 ||     3
 Stab: Paralysed         |     1 |       ||     1
       Sleeping          |     1 |     1 ||     2
Armor: Leather armour    |    47 |     5 ||    52
Dodge: Dodged            |    73 |    20 ||    93
       Rpst.: Falchion   |    26 |     6 ||    32

Table legend: (Time is in decaauts)
 A = Elapsed time spent in this place.
 B = Non-inter-level travel time spent in this place.
 C = Inter-level travel time spent in this place.
 D = Time resting spent in this place.
 E = Time spent auto-exploring this place.
 F = Levels seen in this place.
 G = Mean time per level.
                   A        B        C        D        E       F      G
               +--------+--------+--------+--------+--------+-----+--------+
         Total |   2206 |   2142 |     64 |      3 |   1730 |   3 |  735.3 |
       Dungeon |   2206 |   2142 |     64 |      3 |   1730 |   3 |  735.3 |
               +--------+--------+--------+--------+--------+-----+--------+

Top non-repeatable levels by time:
     D:2: 948 daAuts
     D:1: 943 daAuts
     D:3: 314 daAuts
